 Dungeon Crawl Stone Soup version 0.14-a0-3491-gb7ac591 (webtiles) character file.

608 M4edhros the Skirmisher (level 7, -4/50 HPs)
             Began as an Octopode Chaos Knight on Mar 25, 2014.
             Was a Plaything of Xom.
             Killed from afar by Dowan (12 damage)
             ... with a puff of flame
             ... while paralysed by a potion of paralysis
             ... on Level 5 of the Dungeon.
             The game lasted 00:04:00 (2062 turns).

M4edhros the Skirmisher (Octopode Chaos Knight)     Turns: 2062, Time: 00:04:01

HP  -4/50        AC  1     Str 12      XL: 7   Next: 13%
MP   7/7         EV  2     Int 16      God: Xom
Gold 123         SH  0     Dex 11      Spells:  0 memorised,  6 levels left

rFire  . . .     SeeInvis .     y - +2 trident (holy)
rCold  . . .     Clarity  .     (no shield)
rNeg   . . .     Conserve .     (helmet restricted)
rPois  .         rCorr    .     (no amulet)
rElec  .         rRot     .     (no ring)
SustAb . .       Spirit   .     (no ring)
rMut   .         Warding  .     (no ring)
Saprov . . .     Stasis   .     (no ring)
MR     .....                    (no ring)
                                (no ring)
                                (no ring)
                                (no ring)

@: paralysed, glowing, not resistant to hostile enchantments, very unstealthy
A: almost no armour, amphibious, 8 rings, constrict 8, camouflage 1, gelatinous
body 1
a: Renounce Religion


You were on level 5 of the Dungeon.
You worshipped Xom.
You were a toy of Xom.
You were not hungry.

You visited 1 branch of the dungeon, and saw 5 of its levels.

You collected 123 gold pieces.

Inventory:

Hand weapons
 a - a +0,+0 spear of chaos
 g - a +0,+0 sling
 w - a +0,+0 sling
 y - a +2,+2 trident of holy wrath (weapon)
Missiles
 i - 76 stones (quivered)
 l - 13 silver sling bullets
Magical devices
 h - a wand of confusion (5)
 m - a wand of flame (3)
 s - a wand of confusion (5)
Comestibles
 c - 4 bread rations
 k - a pear
 u - a beef jerky
 v - a rotting chunk of hobgoblin flesh
 x - 2 chunks of giant frog flesh
 A - a chunk of iguana flesh
Scrolls
 b - a scroll of blinking {unknown}
 e - a scroll of noise {unknown}
 f - 3 scrolls of identify {unknown}
 n - 2 scrolls of enchant weapon II {unknown}
 r - 4 scrolls of remove curse {unknown}
Jewellery
 d - a cursed ring of teleportation {unknown}
Potions
 p - a potion of magic {unknown}
 t - 2 potions of restore abilities {unknown}
 z - a potion of heal wounds
Magical staves
 o - an uncursed staff of energy {unknown}


   Skills:
 + Level 5.2 Fighting
 + Level 4.9 Polearms
 + Level 4.8 Dodging


You had 6 spell levels left.
You didn't know any spells.

Dungeon Overview and Level Annotations

Branches:
Dungeon (5/15)
 Temple: D:4-7

Altars:
Xom

Annotations:
D:5 Dowan, Duvessa


Innate Abilities, Weirdness & Mutations

You cannot wear most types of armour.
You are amphibious.
You can wear up to eight rings at the same time.
You can use your tentacles to constrict many enemies at once.
Your skin changes colour to match your surroundings (Stlth).
Your rubbery body absorbs attacks (AC +1).


Message History

Deactivating autopickup; reactivate with Ctrl-A.
The orc hits you but does no damage.
An orc comes into view. It is wielding a mace.
The orc shouts! "Get over here!"
Duvessa blinks!
The orc blinks!
Helpless, you fail to dodge the puff of flame.
Your scroll labeled VOP OPRUTHIFF catches fire!
* * * LOW HITPOINT WARNING * * *
Dowan gestures wildly while chanting.
Dowan blinks!
The orc hits you with a mace.
* * * LOW HITPOINT WARNING * * *
An orc comes into view. It is wielding a club.
Xom decides to shift things around a little.
The orc blinks!
You are now a toy of Xom.
Dowan casts a spell at you.
Helpless, you fail to dodge the puff of flame.
You die...
Xom cackles wildly!

≈≈≈≈...........≈≈≈≈≈
≈≈≈≈≈...........≈≈≈≈≈
.≈§≈≈≈...........%≈≈≈≈
§.≈≈≈≈≈...........≈≈≈≈%
o..§≈≈≈≈...........≈≈≈≈≈
e..................>....
.$........o.............
.......§...<.............
........@................
.........................
.......................[
........................
....(...................
.............. ........
............ ........
......... ....... ≈≈.
..≈≈≈≈≈


You could see Dowan and 2 orcs.

Vanquished Creatures
  2 ogres (D:4)
  The ghost of catsarecewl the Ruinous, an average DECj (D:3)
  A giant frog (D:5)
  Blork the orc (D:5)
  A worker ant (D:5)
  An iguana (D:5)
  Jessica (D:3)
  2 adders
  A worm (D:5)
  2 giant geckos (D:1)
  An ooze (D:1)
  4 bats
  10 goblins
  7 hobgoblins
  6 giant newts
  4 kobolds
  An orc skeleton (D:3)
  7 rats
53 creatures vanquished.

Vanquished Creatures (others)
  An iguana (D:5)
  An orc (D:5)
2 creatures vanquished.

Grand Total: 55 creatures vanquished

Notes
Turn   | Place    | Note
--------------------------------------------------------------
     0 | D:1      | M4edhros, the Octopode Chaos Knight, began the quest for the Orb.
     0 | D:1      | Reached XP level 1. HP: 16/16 MP: 1/1
    91 | D:1      | Reached XP level 2. HP: 13/21 MP: 2/2
   649 | D:1      | Reached XP level 3. HP: 26/26 MP: 3/3
   735 | D:1      | XOM: colour smoke trail
  1298 | D:3      | Noticed Jessica
  1309 | D:3      | Killed Jessica
  1309 | D:3      | Reached XP level 4. HP: 8/33 MP: 4/4
  1372 | D:3      | XOM: divination: detect creatures
  1374 | D:3      | XOM: colour smoke trail
  1391 | D:3      | Noticed catsarecewl's ghost (average DECj)
  1403 | D:3      | Killed catsarecewl's ghost
  1403 | D:3      | Reached skill level 4 in Fighting
  1403 | D:3      | Reached XP level 5. HP: 3/37 MP: 5/5
  1556 | D:3      | XOM: scenery: create altars
  1708 | D:4      | Noticed an ogre
  1725 | D:4      | Killed an ogre
  1725 | D:4      | Reached XP level 6. HP: 42/44 MP: 6/6
  1764 | D:4      | Noticed an ogre
  1775 | D:4      | Killed an ogre
  1884 | D:5      | Entered Level 5 of the Dungeon
  1960 | D:5      | Noticed Blork the orc
  1964 | D:5      | XOM: confusion (+ monsters)
  1970 | D:5      | XOM: cast spell 'Shadow Creatures'
  1974 | D:5      | Reached skill level 5 in Fighting
  2005 | D:5      | Killed Blork the orc
  2005 | D:5      | Reached XP level 7. HP: 50/50 MP: 7/7
  2052 | D:5      | Noticed Dowan
  2055 | D:5      | Noticed Duvessa
  2059 | D:5      | Paralysed by a potion of paralysis for 4 turns
  2061 | D:5      | XOM: blink monster(s)
  2062 | D:5      | XOM: blink monster(s)
  2062 | D:5      | Killed from afar by Dowan

Action                   |  1- 3 |  4- 6 |  7- 9 || total
-------------------------+-------+-------+-------++-------
Melee: Spear             |    78 |    66 |     5 ||   149
       Trident           |       |       |     5 ||     5
Evoke: Wand              |       |    13 |     4 ||    17
  Use: Potion            |     1 |     2 |     1 ||     4
 Stab: Sleeping          |     1 |       |       ||     1
       Confused          |       |     2 |       ||     2
       Petrified         |       |     2 |       ||     2
       Petrifying        |       |     1 |       ||     1
